 Dungeon Crawl Stone Soup version 0.32-a0-19-g28bc0835a1 (webtiles) character file.

Game seed: 9321664619598006413

166094 Gargoyl the Executioner (level 17, -4/115 HPs)
             Began as a Gargoyle Berserker on Jan 17, 2024.
             Was an Elder of Trog.
             Slain by a vault warden
             ... wielding a +4 heavy great mace
              (34 damage)
             ... on level 1 of the Vaults.
             The game lasted 00:35:53 (23575 turns).

Gargoyl the Executioner (Gargoyle Berserker)       Turns: 23575, Time: 00:35:54

Health: -4/115     AC: 32    Str: 24    XL:     17   Next: 59%
Magic:  0/17       EV: 15    Int: 15    God:    Trog [****..]
Gold:   2614       SH:  0    Dex: 20    Spells: 16/16 levels left

rFire   + . .        L - +5 executioner's axe "Iku Weog" {flame, rElec}
rCold   + . .        (shield currently unavailable)
rNeg    + . .        v - +1 scale mail "Opteatz" {rElec rC+ Regen+ Int+5}
rPois   ∞            m - +2 hat
rElec   +            l - +2 cloak
rCorr   .            (no gloves)
SInv    .            d - +2 pair of boots
Will    +....        b - amulet of guardian spirit
Stlth   +            q - +6 ring of dexterity
HPRegen 1.19/turn    (no ring)
MPRegen 0.15/turn

%: guardian spirit
@: about to teleport, marked, on berserk cooldown, flying, slowed, very slow
A: sickness immunity, AC +12, big wings, negative energy resistance 1,
electricity resistance, torment resistance 1, petrification resistance, fire
resistance 1, screaming 1, strong 1, wild magic 2
}: 1/15 runes: decaying
a: Renounce Religion, Berserk, Trog's Hand, Brothers in Arms


You were on level 1 of the Vaults.
You worshipped Trog.
Trog was greatly pleased with you.
You visited 4 branches of the dungeon, and saw 25 of its levels.
You also visited: Bailey.

You collected 2614 gold pieces.

Inventory:

Hand Weapons
 a - a +5 hand axe of flaming
 e - a +7 hand axe of electrocution
 L - the +5 executioner's axe "Iku Weog" (weapon) {flame, rElec}
   (You acquired it on level 10 of the Dungeon)

   rElec:     It insulates you from electricity.
 O - a +5 executioner's axe of protection
Missiles
 f - 50 poisoned darts (quivered)
 y - 2 throwing nets
Armour
 d - a +2 pair of boots (worn)
 l - a +2 cloak (worn)
 m - a +2 hat (worn)
 v - the +1 scale mail "Opteatz" (worn) {rElec rC+ Regen+ Int+5}
   (You found it on level 6 of the Dungeon)

   Int+5:     It affects your intelligence (+5).
   rC+:       It protects you from cold.
   rElec:     It insulates you from electricity.
   Regen+:    It increases your rate of health regeneration.
Jewellery
 b - an amulet of guardian spirit (around neck)
 j - a ring of fire
 q - a +6 ring of dexterity (left hand)
 K - an amulet of magic regeneration
 S - an amulet of reflection
 T - a ring of magical power
Wands
 h - a wand of mindburst (30)
 k - a wand of flame (19)
 n - a wand of polymorph (24)
 t - a wand of paralysis (12)
 A - a wand of iceblast (34)
 B - a wand of acid (23)
 I - a wand of digging (21)
Scrolls
 g - 14 scrolls of teleportation
 p - 2 scrolls of immolation
 r - 4 scrolls of fog
 z - 4 scrolls of vulnerability
 C - 16 scrolls of identify
 H - 2 scrolls of poison
 P - a scroll of revelation
 R - 2 scrolls of fear
 U - a scroll of acquirement
Potions
 c - 5 potions of might
 i - a potion of berserk rage
 o - 2 potions of curing
 s - 12 potions of enlightenment
 u - 5 potions of ambrosia
 w - 5 potions of magic
 x - a potion of mutation
 D - 4 potions of invisibility
 E - 3 potions of lignification
 G - 3 potions of haste
 J - 2 potions of cancellation
 N - a potion of attraction {unknown}
 Q - 2 potions of resistance
Miscellaneous
 M - a tin of tremorstones (2/2)


   Skills:
 + Level 15.8 Fighting
 + Level 2.6 Long Blades
 + Level 21.5 Axes
 + Level 0.3 Throwing
 + Level 12.5 Armour
 + Level 8.0 Dodging
 + Level 3.3 Stealth
 + Level 0.4 Unarmed Combat


You had 16 spell levels left.
You didn't know any spells.
Your spell library was empty.

Dungeon Overview and Level Annotations

Branches:
Dungeon (15/15)            Temple (0/1) D:6            Lair (5/5) D:11
  Swamp (4/4) Lair:2       Spider (0/4) Lair:3        Slime (0/5) Lair:5
    Orc (0/2) D:10         Vaults (1/5) D:14         Depths (0/4) D:15
 Bailey (visited)

Altars:
Elyvilon
Fedhas
Xom
Zin
Jiyva

Shops:
D:12 [

Portals:
Trove: D:11 (give 3 potions of resistance)

Annotations:
Lair:2 exclusion: oklob plant


Innate Abilities, Weirdness & Mutations

You are immune to sickness and miasma.
Your stone body is resilient. (AC +12)
You are immune to poison.
Your large and strong wings let you fly.
You resist negative energy. (rN+)
You are resistant to electric shocks. (rElec)
You are resistant to unholy torment.
You are immune to petrification.
Your flesh is heat resistant. (rF+)
You occasionally shout uncontrollably at your foes.
Your muscles are strong. (Str +4, Int/Dex -1)
Your spells are harder to cast, but more powerful.


Message History

The bolt hits you but does no damage.
You fail to use your ability.
The yaktaur closely misses you. The yaktaur hits you!
* * * LOW HITPOINT WARNING * * *
The vault warden hits you but does no damage.
The yaktaur unwields a +0 arbalest.
The yaktaur closely misses you.
The yaktaur hits you but does no damage.
The yaktaur hits you!
* * * LOW HITPOINT WARNING * * *
You feel much better.
Your skin stops crawling.
You feel less strong-willed. The lindwurm barely misses you.
The lindwurm claws you but does no damage.
The lindwurm claws you.
The yaktaur hits you but does no damage.
The yaktaur misses you.
The yaktaur hits you but does no damage.
The vault warden closely misses you.
The necromancer casts a spell.
The necromancer binds the souls of nearby monsters.
The lindwurm bites you.
* * * LOW HITPOINT WARNING * * *
The lindwurm closely misses you. x2
You feel much better. The yaktaur hits you.
The yaktaur hits you but does no damage. x2
The vault warden hits you with a +4 heavy great mace!
The lindwurm closely misses you. The lindwurm completely misses you.
The lindwurm closely misses you.
The necromancer mumbles some strange words.
The necromancer binds the souls of nearby monsters.
The yaktaur barely misses you. x2
The yaktaur hits you but does no damage.
As you read the scroll of teleportation, it crumbles to dust.
You feel strangely unstable. The lindwurm bites you!
* * * LOW HITPOINT WARNING * * *
The lindwurm closely misses you. The lindwurm barely misses you.
The yaktaur completely misses you. The yaktaur closely misses you.
The yaktaur hits you but does no damage.
The vault warden hits you with a +4 heavy great mace!!
You die...

...................
........................
........................
........................
........................
........................
......cp................
....(kpcc)..............
....kck@c)..############
########))..# #..).#
#....+ #...)# #....#
#....# #....# #....#


You could see a vault warden (soul bound), 3 lindwurms, 5 yaktaurs and a
necromancer.

Vanquished Creatures
  Rupert (D:14)
  Gastronok (D:11)
  A thorn hunter (Swamp:1)
  A vault warden (Vaults:1)
  A ghoul (Swamp:4)
  An orc warlord (Vaults:1)
  2 ironbound preservers (Vaults:1)
  A formless jellyfish (Vaults:1)
  2 ironbound thunderhulks (Vaults:1)
  2 very ugly things (Swamp:4)
  5 eleionomae
  5 bunyips
  3 dire elephants
  2 green deaths (Swamp:4)
  A fire dragon (Lair:5)
  2 shambling mangroves
  2 great orbs of eyes
  15 hydras
  A hell beast (Swamp:4)
  A peacekeeper (D:14)
  An ironbound frostheart (Vaults:1)
  2 ghost crabs (Swamp:3)
  7 alligators
  A catoblepas (Lair:5)
  Erica (D:8)
  6 centaur warriors
  A death yak (Lair:4)
  5 boulder beetles
  4 two-headed ogres
  A thrashing horror (Swamp:4)
  4 tengu warriors
  A hell hog (Lair:5)
  Urug (Lair:4)
  A deep troll earth mage (D:12)
  5 skeletal warriors
  A salamander mystic (D:15)
  2 goliath frogs
  10 swamp dragons
  A spriggan druid (Swamp:1)
  5 bog bodies
  An ironbound convoker (Vaults:1)
  5 deep trolls (Vaults:1)
  A lindwurm (Lair:5)
  4 orc knights
  3 deep elf pyromancers
  9 ugly things
  A will-o-the-wisp (Swamp:1)
  A manticore (shapeshifter) (D:15)
  3 manticores
  A wolf spider (D:15)
  A meliai (Lair:3)
  11 elephants
  5 cyclopes
  2 black mambas
  3 vault sentinels (Vaults:1)
  A large abomination (Swamp:4)
  An orange demon (Swamp:4)
  3 gargoyles
  8 torpor snails
  3 unseen horrors
  7 cane toads
  Maggie (D:10)
  3 yaktaurs
  9 komodo dragons
  Jeremiah (D:8)
  2 rime drakes
  2 tengu conjurers
  A kobold demonologist (D:11)
  10 polar bears (Lair:5)
  5 trolls
  13 tyrant leeches
  17 hornets
  A hornet (shapeshifter) (D:14)
  Grinder (D:4)
  14 dream sheep
  5 raiju (Lair:5)
  9 blink frogs
  22 slime creatures
  Sigmund (D:6)
  6 shadows
  8 spriggans
  2 wraiths (D:11)
  59 yaks
  A vampire (D:11)
  5 basilisks
  4 wyverns
  Grum (D:8)
  4 wargs (Lair:5)
  A golden eye (shapeshifter) (D:11)
  6 vampire mosquitoes
  12 swamp worms
  6 acid dragons
  16 water moccasins
  12 hell hounds (Lair:5)
  4 ice beasts
  A swamp drake (Swamp:2)
  13 black bears
  10 orc warriors
  A sky beast (D:8)
  34 wolves
  An ogre (D:5)
  8 centaurs
  2 phantoms
  12 bullfrogs
  3 kobold brigands
  2 gnoll sergeants
  2 necrophages (Swamp:4)
  8 scorpions
  4 wights (D:6)
  18 killer bees
  2 troll zombies (D:10)
  10 howler monkeys
  An electric eel (Lair:5)
  3 bombardier beetles
  Crazy Yiuf (D:3)
  6 hounds
  7 jellies
  7 orc priests
  2 gnoll boudas
  Terence (D:3)
  6 orc wizards
  Ijyb (D:3)
  6 iguanas
  A sleepcap (D:6)
  Natasha (thrice) (D:2)
  7 hell rats (Lair:5)
  6 ogre zombies (D:10)
  19 gnolls
  13 adders
  3 shadow imps
  3 white imps
  An ufetubus (D:4)
  5 dart slugs
  A ribbon worm (D:2)
  56 orcs
  11 ball pythons
  4 bats
  10 endoplasms
  5 giant cockroaches
  5 hobgoblins
  A jackal (D:4)
  3 quokkas
  4 frilled lizards
  2 gnoll skeletons (D:10)
  A gnoll zombie (D:10)
  11 goblins
  18 kobolds
  An orc skeleton (D:10)
  21 orc zombies (D:10)
  3 rats
838 creatures vanquished.

Vanquished Creatures (collateral kills)
  A fire giant (Vaults:1)
  An eleionoma (Swamp:3)
  A hell beast (Swamp:4)
  An elephant (Lair:4)
  4 yaktaurs (Vaults:1)
  2 blink frogs (Lair:4)
  A yak (Lair:4)
  A vampire mosquito (D:11)
  An ogre (D:6)
  A killer bee (D:11)
14 creatures vanquished.

Vanquished Creatures (others)
  An ogre mage (D:11)
  A spriggan (Swamp:2)
  2 bloated husks (Swamp:2)
  A hornet (Swamp:2)
  A killer bee (D:11)
  An orc wizard (D:11)
  12 foxfires (Swamp:1)
19 creatures vanquished.

Grand Total: 871 creatures vanquished

Notes
Turn   | Place    | Note
-------+----------+-------------------------------------------
     0 | D:1      | Gargoyl the Gargoyle Berserker began the quest for the Orb.
     0 | D:1      | Reached XP level 1. HP: 14/14 MP: 1/1
   349 | D:1      | Reached XP level 2. HP: 17/19 MP: 2/2
   353 | D:1      | Reached skill level 3 in Axes
   664 | D:2      | Noticed Natasha
   673 | D:2      | Killed Natasha
   674 | D:2      | Reached XP level 3. HP: 24/24 MP: 3/3
   676 | D:2      | Reached ** piety under Trog
   837 | D:2      | Reached XP level 4. HP: 29/29 MP: 4/4
  1020 | D:2      | Noticed Natasha
  1033 | D:2      | Killed Natasha
  1103 | D:2      | Reached skill level 1 in Long Blades
  1109 | D:2      | Noticed Natasha
  1122 | D:2      | Killed Natasha
  1123 | D:2      | Reached XP level 5. HP: 34/34 MP: 5/5
  1432 | D:3      | Noticed Terence
  1441 | D:3      | Killed Terence
  1829 | D:3      | Noticed Ijyb
  1843 | D:3      | Killed Ijyb
  2095 | D:3      | Found a runed translucent door.
  2096 | D:3      | Noticed Crazy Yiuf
  2103 | D:3      | Killed Crazy Yiuf
  2104 | D:3      | Reached XP level 6. HP: 39/39 MP: 6/6
  2337 | D:4      | Reached *** piety under Trog
  2345 | D:4      | Reached skill level 4 in Axes
  2369 | D:4      | You fall into a shaft and drop 3 floors!
  2377 | D:7      | Noticed an ice beast
  2395 | D:7      | Killed an ice beast
  2396 | D:7      | Reached XP level 7. HP: 38/44 MP: 7/7
  2411 | D:7      | Reached skill level 5 in Fighting
  2418 | D:7      | Reached skill level 5 in Axes
  2696 | D:7      | Reached XP level 8. HP: 49/49 MP: 8/8
  2787 | D:5      | Entered Level 5 of the Dungeon
  2857 | D:5      | Reached skill level 6 in Axes
  3284 | D:5      | Reached skill level 5 in Armour
  3629 | D:4      | Reached skill level 7 in Axes
  3830 | D:4      | Reached XP level 9. HP: 54/55 MP: 9/9
  3934 | D:4      | Reached skill level 8 in Axes
  4147 | D:4      | Noticed Grinder
  4157 | D:4      | Killed Grinder
  4603 | D:5      | Gained mutation: You occasionally lose the ability to drink
                  | potions when taking damage. [potion of mutation]
  4604 | D:5      | Lost mutation: You occasionally lose the ability to drink
                  | potions when taking damage. [potion of mutation]
  4604 | D:5      | Gained mutation: Potions are less effective at restoring
                  | your health. [potion of mutation]
  4604 | D:5      | Gained mutation: You have a pair of small antennae on your
                  | head. [potion of mutation]
  4604 | D:5      | Lost mutation: Potions are less effective at restoring your
                  | health. [potion of mutation]
  4675 | D:5      | Reached **** piety under Trog
  4947 | D:6      | Found a staircase to the Ecumenical Temple.
  4956 | D:6      | Noticed Sigmund
  4961 | D:6      | Killed Sigmund
  5010 | D:6      | Reached skill level 9 in Axes
  5049 | D:6      | Noticed a two-headed ogre
  5068 | D:6      | Killed a two-headed ogre
  5069 | D:6      | Reached XP level 10. HP: 63/63 MP: 10/10
  5260 | D:6      | Identified the +1 scale mail "Opteatz" {rElec rC+ Regen+
                  | Int+5}
  6184 | D:8      | Found a glowing silver altar of Zin.
  6230 | D:8      | Killed an unseen horror
  6231 | D:8      | Reached skill level 10 in Axes
  6251 | D:8      | Noticed Erica
  6266 | D:8      | Killed Erica
  6267 | D:8      | Reached skill level 1 in Stealth
  6438 | D:8      | Noticed Jeremiah
  6463 | D:8      | Noticed Grum
  6516 | D:8      | Killed Jeremiah
  6524 | D:8      | Killed Grum
  6997 | D:9      | Reached XP level 11. HP: 68/68 MP: 11/11
  7051 | D:9      | Reached skill level 11 in Axes
  7538 | D:9      | Noticed a deep elf pyromancer
  7552 | D:9      | Killed a deep elf pyromancer
  7738 | D:10     | Entered Level 10 of the Dungeon
  7738 | D:10     | Found a staircase to the Orcish Mines.
  7864 | D:10     | Found a flagged portal.
  7871 | Bailey   | Entered a bailey
  7960 | Bailey   | Reached skill level 5 in Dodging
  8034 | Bailey   | Noticed an orc knight
  8050 | Bailey   | Killed an orc knight
  8086 | Bailey   | Noticed an orc knight
  8102 | Bailey   | Killed an orc knight
  8158 | D:10     | Acquired the +5 executioner's axe "Iku Weog" {flame, rElec}
  8448 | D:10     | Noticed Maggie
  8455 | D:10     | Killed Maggie
  8456 | D:10     | Reached skill level 12 in Axes
  8779 | D:10     | Identified the +0 robe "Jylienoo" {rC++ Stlth+}
  8826 | D:10     | Reached ***** piety under Trog
  9196 | D:11     | Reached XP level 12. HP: 71/76 MP: 9/12
  9220 | D:11     | Found a staircase to the Lair.
  9252 | D:11     | Noticed a two-headed ogre
  9260 | D:11     | Killed a two-headed ogre
  9335 | D:11     | Found a portal to a secret trove of treasure.
  9491 | D:11     | Reached skill level 13 in Axes
  9523 | D:11     | Noticed a boulder beetle
  9540 | D:11     | Killed a boulder beetle
  9625 | D:11     | Noticed a centaur warrior
  9625 | D:11     | Noticed a centaur warrior
  9627 | D:11     | Noticed a tengu warrior
  9629 | D:11     | Noticed a centaur warrior
  9632 | D:11     | Noticed a boulder beetle
  9636 | D:11     | Killed a centaur warrior
  9636 | D:11     | Noticed an ogre mage
  9637 | D:11     | Killed a centaur warrior
  9638 | D:11     | Reached skill level 10 in Fighting
  9646 | D:11     | Killed a centaur warrior
  9647 | D:11     | Reached skill level 14 in Axes
  9648 | D:11     | Killed a tengu warrior
  9651 | D:11     | Killed an ogre mage
  9747 | D:11     | Reached skill level 10 in Armour
  9751 | D:11     | Killed a boulder beetle
  9897 | D:11     | Reached XP level 13. HP: 82/83 MP: 13/13
  9918 | D:11     | Identified the +4 war axe of Twilight {flame, ^Contam rPois
                  | rF+ rCorr}
  9927 | D:11     | Noticed Gastronok
  9932 | D:11     | Found a runed translucent door.
  9941 | D:11     | Killed Gastronok
  9968 | D:11     | a tengu changed into an entropy weaver
  9968 | D:11     | Noticed an entropy weaver (shapeshifter)
  9974 | D:11     | an entropy weaver changed into a queen bee
 10387 | D:12     | Found Detesh's Armour Shop.
 10446 | D:12     | Reached skill level 15 in Axes
 11802 | Lair:1   | Entered Level 1 of the Lair of Beasts
 11894 | Lair:1   | Identified the +2 great sword of Autotheism {heavy, rElec
                  | rF+ Int-2} (Trog gifted it to you on level 1 of the Lair of
                  | Beasts)
 11894 | Lair:1   | Received a gift from Trog
 12437 | Lair:2   | Found a staircase to the Swamp.
 12440 | Lair:2   | Reached skill level 16 in Axes
 12644 | Lair:2   | Found a blossoming altar of Fedhas.
 13334 | Lair:3   | Found a white marble altar of Elyvilon.
 13345 | Lair:3   | Gained mutation: Your large and strong wings let you fly.
                  | [Gargoyle growth]
 13345 | Lair:3   | Reached XP level 14. HP: 88/90 MP: 12/14
 13508 | Lair:3   | Found a hole to the Spider Nest.
 14667 | Lair:4   | Noticed Urug
 14674 | Lair:4   | Reached skill level 17 in Axes
 14680 | Lair:4   | Killed Urug
 15449 | Lair:5   | Entered Level 5 of the Lair of Beasts
 15642 | Lair:5   | Received a gift from Trog
 16128 | Lair:5   | Reached skill level 18 in Axes
 16137 | Lair:5   | Reached XP level 15. HP: 88/97 MP: 11/15
 16214 | Lair:5   | Found a staircase to the Slime Pits.
 16214 | Lair:5   | Found a viscous altar of Jiyva.
 16500 | Lair:5   | Received a gift from Trog
 17476 | D:14     | Reached skill level 19 in Axes
 17606 | D:14     | Found a shimmering altar of Xom.
 17606 | D:14     | Found a shimmering altar of Xom.
 17608 | D:14     | Found a shimmering altar of Xom.
 17608 | D:14     | Found a shimmering altar of Xom.
 17609 | D:14     | Found a shimmering altar of Xom.
 17610 | D:14     | Found a shimmering altar of Xom.
 17610 | D:14     | Found a shimmering altar of Xom.
 17695 | D:14     | Found a shimmering altar of Xom.
 17821 | D:14     | Found a gate to the Vaults.
 17829 | D:14     | Received a gift from Trog
 17875 | D:14     | Lost mutation: You have a pair of small antennae on your
                  | head. [potion of mutation]
 17875 | D:14     | Gained mutation: Your skin changes colour to match your
                  | surroundings (Stealth+). [potion of mutation]
 17876 | D:14     | Lost mutation: Your skin changes colour to match your
                  | surroundings (Stealth+). [potion of mutation]
 17876 | D:14     | Gained mutation: You have a pair of small antennae on your
                  | head. [potion of mutation]
 17876 | D:14     | Gained mutation: You occasionally shout uncontrollably at
                  | your foes. [potion of mutation]
 17876 | D:14     | Gained mutation: Your health recovers twice as slowly from
                  | being drained. [potion of mutation]
 17876 | D:14     | Gained mutation: Your mind is acute. (Int +4, Str/Dex -1)
                  | [potion of mutation]
 17877 | D:14     | Lost mutation: Your health recovers twice as slowly from
                  | being drained. [potion of mutation]
 17877 | D:14     | Lost mutation: Your mind is acute. (Int +4, Str/Dex -1)
                  | [potion of mutation]
 17877 | D:14     | Gained mutation: You frequently scream uncontrollably at
                  | your foes. [potion of mutation]
 17877 | D:14     | Gained mutation: Your spells are a little harder to cast,
                  | but a little more powerful. [potion of mutation]
 17877 | D:14     | Gained mutation: You have a pair of antennae on your head.
                  | [potion of mutation]
 17908 | D:14     | Noticed Rupert
 17925 | D:14     | Killed Rupert
 18176 | D:14     | Found a shimmering altar of Xom.
 18177 | D:14     | Found a shimmering altar of Xom.
 18345 | D:15     | Entered Level 15 of the Dungeon
 18438 | D:15     | Found a staircase to the Depths.
 18944 | D:15     | Reached XP level 16. HP: 105/105 MP: 16/16
 19110 | D:15     | Lost mutation: You frequently scream uncontrollably at your
                  | foes. [potion of mutation]
 19110 | D:15     | Lost mutation: You have a pair of antennae on your head.
                  | [potion of mutation]
 19110 | D:15     | Lost mutation: You have a pair of small antennae on your
                  | head. [potion of mutation]
 19110 | D:15     | Gained mutation: Your spells are harder to cast, but more
                  | powerful. [potion of mutation]
 19110 | D:15     | Gained mutation: Your muscles are strong. (Str +4, Int/Dex
                  | -1) [potion of mutation]
 19110 | D:15     | Gained mutation: Your flesh is heat resistant. (rF+)
                  | [potion of mutation]
 19236 | Swamp:1  | Entered Level 1 of the Swamp
 19345 | Swamp:1  | Identified the +7 chain mail of Inevitability {Rampage
                  | Str-3 Dex+2}
 19881 | Swamp:2  | Reached skill level 20 in Axes
 19930 | Swamp:2  | Identified the +0 leather armour "Wyfeesk" {Slay+3}
 19990 | Swamp:2  | Noticed a thorn hunter
 20141 | Swamp:1  | Killed a thorn hunter
 21012 | Swamp:3  | Identified the +6 sling "Lera" {drain, rCorr}
 21305 | Swamp:4  | Entered Level 4 of the Swamp
 21473 | Swamp:4  | Reached skill level 15 in Fighting
 21631 | Swamp:4  | Received a gift from Trog
 21641 | Swamp:4  | Reached XP level 17. HP: 94/113 MP: 12/17
 21898 | Swamp:4  | HP: 5/113 [enormous slime creature (46)]
 22081 | Swamp:4  | Reached skill level 21 in Axes
 22495 | Swamp:4  | Got a decaying rune of Zot
 22731 | Vaults:1 | Entered Level 1 of the Vaults
 23575 | Vaults:1 | Slain by a vault warden

Illustrated notes

Levels and vault maps discovered:
D:1:      dpeg_arrival_pits, layout_basic
D:2:      layout_rooms, chequers_serial_rivers_micro_e, uniq_natasha
D:3:      layout_loops_ring, uniq_ijyb, uniq_terence, uniq_crazy_yiuf_cottage
D:4:      layout_layer_cave, serial_bayou_pond_b, hangedman_feature_mirror,
          nzn_random_ring, uniq_grinder
D:5:      layout_gridville, nicolae_half_adder
D:6:      minmay_chambers_of_sixes, layout_cave_pools,
          minmay_temple_entry_mini_moons, uniq_sigmund
D:7:      layout_loops_ring
D:8:      layout_loops_ring, mainiacjoe_overflow_tiny_flanked, uniq_erica,
          uniq_grum, uniq_jeremiah
D:9:      layout_loops_cross
D:10:     minmay_spotlight, layout_layer_cave, zombieorc2_lemuel,
          enter_bailey_3, uniq_maggie
D:11:     minmay_the_grid_triangle_9x9_recursive_3_mashed
          [minmay_the_grid_triangle_9x9_from_above,
          minmay_the_grid_triangle_9x9_sparse_checkered,
          minmay_the_grid_triangle_9x9_empty,
          minmay_the_grid_triangle_9x9_prize_top_heavy,
          minmay_the_grid_triangle_9x9_steps,
          minmay_the_grid_triangle_9x9_corrupted_corridor,
          minmay_the_grid_triangle_9x9_checkered,
          minmay_the_grid_triangle_9x9_subtriangle,
          minmay_the_grid_triangle_9x9_semitri], layout_rooms,
          minmay_lair_entry_grove, nicolae_trove_entry_columns,
          serial_corexii_hall, corexii_hall_statues_l,
          chequers_hall_statues_corner_a, chequers_hall_statues_wall_a,
          uniq_gastronok
D:12:     layout_long_grid, serial_shops, nicolae_shop_tiny_statue_garden,
          kennysheep_four_rooms
D:13:     layout_basic
D:14:     layout_roguey, hellmonk_vaults_order_and_chaos, xom_shifter_show,
          uniq_rupert
D:15:     hangedman_depths_entry_try_elsewhere_first, layout_gridville,
          grunt_decor_mini_mirrors
Lair:1:   layout_hall_layers
Lair:2:   layout_regular_city, minmay_swamp_entry_reptiles, tgw_fedhas
Lair:3:   layout_chaotic_city, hellmonk_spider_entry_not_the_bees, basic_altar,
          infiniplex_staircase_pool_2
Lair:4:   layout_layer_cave, grunt_megastairs_3, uniq_urug
Lair:5:   hangedman_lair_caniforms_friends, layout_cave_pods, wormcave,
          nicolae_slime_entry_field_trip, minmay_stone_trees_small,
          nicolae_quartered_pool_impasse, nicolae_lair_grazing_beasts
          [nicolae_sub_lair_graze_edge, nicolae_sub_lair_graze_edge,
          nicolae_sub_lair_graze_edge, nicolae_sub_lair_graze_edge],
          grunt_megastairs_1
Swamp:1:  layout_basic_swamp, nicolae_swamp_well_well_well,
          nicolae_swamp_small_spring, swamp_pool_1_2
Swamp:2:  layout_falls_marsh, nicolae_swamp_fairy_circle
Swamp:3:  layout_basic_swamp, evilmike_swamp_ruin_house_2
Swamp:4:  swamp_vile, layout_basic_swamp, swamp_pool_4
Vaults:1: ploomutoo_gammafunk_ghost_potion_laboratory,
          nicolae_vaults_shipping_containers_6, hangedman_vaults_variations,
          nicolae_vaults_tetromino_T_2, hangedman_vaults_restitches,
          vaults_standard_mumra_enter_the_diamond, ontoclasm_vaults_chip,
          nicolae_vaults_specimen_jars, nicolae_vaults_little_squares_1,
          nicolae_vaults_wrenched, nicolae_vaults_cochlea,
          nicolae_vaults_sealed_display, nicolae_vaults_storage_room_doors,
          v_misc_25, layout_vaults_big_room, uniq_nikola

Skill      XL: |  1  2  3  4  5  6  7  8  9 10 11 12 13 14 15 16 17 |
---------------+----------------------------------------------------+-----
Axes           | 3 4 5 7 9 10 12 14 16 18 19 20 21 | 21.5
Dodging        | 2 3 4 5 6 7 8 |  8.0
Fighting       | 4 5 6 7 8 9 10 11 12 13 15 | 15.8
Long Blades    | 1 2 |  2.6
Armour         | 3 4 5 6 8 9 10 11 12 | 12.5
Stealth        | 1 2 3 |  3.3
Throwing       | |  0.3
Unarmed Combat | |  0.4

Action                     |  1- 3 |  4- 6 |  7- 9 | 10-12 | 13-15 | 16-18 || total
---------------------------+-------+-------+-------+-------+-------+-------++-------
  Melee: Hand axe          |    20 |   107 |   313 |   423 |       |       ||   863
         Long sword        |    28 |    38 |       |       |       |       ||    66
         Unarmed           |       |    14 |       |       |       |     1 ||    15
         Punch             |       |     3 |     6 |     5 |       |       ||    14
         Executioner's axe |       |       |       |   147 |   775 |   495 ||  1417
  Throw: Dart              |       |       |       |       |     2 |       ||     2
 Invoke: Berserk           |       |     5 |    10 |    11 |     9 |    14 ||    49
         Trog's Hand       |       |       |     3 |    11 |     3 |    11 ||    28
         Brothers in Arms  |       |       |     1 |     1 |     1 |     4 ||     7
    Use: Scroll            |     4 |    10 |     7 |    20 |    11 |     6 ||    58
         Potion            |       |       |     4 |     1 |     3 |    10 ||    18
   Stab: Sleeping          |       |     1 |       |       |       |     1 ||     2
         Distracted        |       |       |       |     1 |     1 |       ||     2
         Petrified         |       |       |       |       |     2 |       ||     2
 Armour: Animal skin       |    40 |    30 |       |       |       |       ||    70
         Skin              |    13 |     5 |       |       |       |     6 ||    24
         Scale mail        |       |    72 |   253 |   619 |   972 |   749 ||  2665
  Dodge: Dodged            |    40 |   107 |   208 |   499 |   740 |   448 ||  2042

Table legend: (Time is in decaauts)
 A = Elapsed time spent in this place.
 B = Non-inter-level travel time spent in this place.
 C = Inter-level travel time spent in this place.
 D = Time resting spent in this place.
 E = Time spent auto-exploring this place.
 F = Levels seen in this place.
 G = Mean time per level.
                   A        B        C        D        E       F      G
               +--------+--------+--------+--------+--------+-----+--------+
         Total |  24014 |  23039 |    975 |   2365 |  14717 |  26 |  923.6 |
       Dungeon |  13604 |  13102 |    502 |    701 |   9002 |  15 |  906.9 |
          Lair |   5744 |   5367 |    377 |    312 |   3781 |   5 | 1148.8 |
         Swamp |   3532 |   3439 |     93 |    759 |   1695 |   4 |  883.0 |
        Vaults |    844 |    844 |      0 |    508 |    169 |   1 |  844.0 |
        Bailey |    288 |    288 |      0 |     84 |     69 |   1 |  288.0 |
               +--------+--------+--------+--------+--------+-----+--------+

Top non-repeatable levels by time:
  Lair:5: 1864 daAuts
     D:4: 1485 daAuts
  Lair:4: 1387 daAuts
 Swamp:4: 1291 daAuts
    D:11: 1286 daAuts
  Lair:2: 1125 daAuts
    D:10: 1117 daAuts
    D:14: 1083 daAuts
 Swamp:1: 1041 daAuts
     D:7: 1004 daAuts
Vaults:1: 844 daAuts
     D:5: 839 daAuts
     D:3: 820 daAuts
  Lair:3: 800 daAuts
     D:8: 789 daAuts
